 Dungeon Crawl Stone Soup version 0.31.0-32-g396128a36d (webtiles) character file.

Game seed: 15268530616209634590

4331 H0rd4k the Martial Artist (level 10, 0/66 HPs)
             Began as an Octopode Artificer on Mar 25, 2024.
             Was an Initiate of Gozag.
             Slain by a wyvern (9 damage)
             ... on level 9 of the Dungeon.
             The game lasted 00:09:14 (8211 turns).

H0rd4k the Martial Artist (Octopode Artificer)      Turns: 8211, Time: 00:09:14

Health: 0/66       AC:  1    Str: 12    XL:     10   Next: 33%
Magic:  10/10      EV: 19    Int: 18    God:    Gozag
Gold:   1135       SH:  0    Dex: 18    Spells: 9/9 levels left

rFire   . .          .
                       - Unarmed
rCold   . . .        (no shield)
rNeg    . . .        (helmet restricted)
rPois   .            b - amulet of regeneration
rElec   .            I - +5 ring of evasion
rCorr   .            J - +6 ring of dexterity
SInv    .            (no ring)
Will    .....        (no ring)
Stlth   +++          (no ring)
HPRegen 1.11/turn    (no ring)
MPRegen 0.12/turn    (no ring)
                     (no ring)

%: no passive effects
@: no status effects
A: almost no armour, amphibious, 8 rings, camouflage 1, gelatinous body 1,
(nimble swimmer 1), tentacles
a: Renounce Religion, Potion Petition, Call Merchant, Bribe Branch


You were on level 9 of the Dungeon.
You worshipped Gozag.
Gozag was most pleased with you.
You visited 2 branches of the dungeon, and saw 10 of its levels.

You collected 1204 gold pieces.
You paid 69 gold pieces to Gozag.

Inventory:

Hand Weapons
 p - a +1 spectral dagger
Missiles
 e - a curare-tipped dart (quivered)
 k - 17 poisoned darts
 w - 2 darts of dispersal
Armour
 y - an orb of energy
Magical Staves
 H - a staff of earth
Jewellery
 b - an amulet of regeneration (around mantle)
 u - an amulet of the acrobat
 I - a +5 ring of evasion (left tentacle)
 J - a +6 ring of dexterity (right tentacle)
 L - an amulet of magic regeneration
Talismans
 C - a serpent talisman
Wands
 c - a wand of charming (4)
 F - a wand of iceblast (8)
Scrolls
 d - 3 scrolls of blinking {unknown}
 f - 3 scrolls of teleportation
 i - a scroll of enchant armour
 n - a scroll of noise
 r - a scroll of fog
 t - 2 scrolls of enchant weapon
 v - 3 scrolls of revelation
 A - 4 scrolls of poison
 D - 5 scrolls of immolation
 K - 2 scrolls of identify
Potions
 a - 4 potions of curing
 g - a potion of might
 h - a potion of lignification {unknown}
 j - a potion of haste
 l - 3 potions of heal wounds
 m - 2 potions of attraction {unknown}
 o - a potion of ambrosia {unknown}
 q - 2 potions of magic {unknown}
 s - a potion of cancellation {unknown}
 x - a potion of invisibility {unknown}
 B - a potion of enlightenment {unknown}
 E - a potion of brilliance {unknown}
 G - 2 potions of berserk rage {unknown}


   Skills:
 + Level 5.4 Fighting
 + Level 0.3 Throwing
 - Level 2.3 Dodging
 - Level 1.3 Stealth
 + Level 13.5 Unarmed Combat
 - Level 3.2 Evocations


You had 9 spell levels left.
You didn't know any spells.
Your spell library contained the following spells:

 Spells                   Type           Power      Damage    Failure   Level
 Kiss of Death            Conj/Necr      0%         2d5       22%         1
 Hailstorm                Conj/Ice       0%         3d5       54%         3
 Summon Ice Beast         Ice/Summ       0%         N/A       54%         3
 Freezing Cloud           Conj/Ice/Air   0%         6-21      99%         5
 Sculpt Simulacrum        Ice/Alch       0%         N/A       100%        6


Dungeon Overview and Level Annotations

Branches:
Dungeon (9/15)             Temple (1/1) D:4             Orc (0/2) D:9
   Lair: D:8-11

Altars:
Ashenzari
Cheibriados
Dithmenos
Elyvilon
Fedhas
Gozag
Hepliaklqana
Kikubaaqudgha
Makhleb
Nemelex Xobeh
Okawaru
Qazlal
Ru
Sif Muna
Trog
Uskayaw
Vehumet
Wu Jian
Xom
Yredelemnul
Zin
The Shining One

Shops:
D:5 !   D:8 [

Annotations:
D:2 exclusion: downstairs
D:6 exclusion: downstairs
D:7 exclusion: downstairs


Innate Abilities, Weirdness & Mutations

You cannot wear most types of armour.
You are amphibious.
You can wear up to eight rings at the same time.
Your skin changes colour to match your surroundings (Stealth+).
Your rubbery body absorbs attacks. (AC +1, EV +1)
((You are camouflaged when in or above water. (Stealth+)))
You have tentacles for arms and can constrict up to eight enemies at once.


Message History

You feel sick.
The kobold brigand throws a poisoned dart.
The poisoned dart misses you.
You feel sick.
The kobold brigand throws a poisoned dart.
The poisoned dart misses you.
You feel sick.
You feel sick.
The kobold throws a stone.
The stone misses you.
You feel sick.
You feel sick.
Found a wand of quicksilver (3).
You feel sick.
You tentacle-slap the wyvern but do no damage.
You feel sick.
You are no longer poisoned.
The wyvern misses you.
You barely miss the wyvern. The wyvern bites you!!
You bludgeon the wyvern!
You squeeze the wyvern, but do no damage.
The wyvern is moderately wounded.
The wyvern bites you!
You closely miss the wyvern.
The wyvern is moderately wounded.
The wyvern closely misses you.
You bludgeon the wyvern!
The wyvern is severely wounded.
The wyvern closely misses you.
You tentacle-slap the wyvern.
The wyvern is almost dead.
The wyvern bites you!!
* * * LOW HITPOINT WARNING * * *
The wyvern completely misses you.
You completely miss the wyvern.
The wyvern is almost dead.
The wyvern bites you!
* * * LOW HITPOINT WARNING * * *
You closely miss the wyvern.
The wyvern is almost dead.
The wyvern bites you!
You die...
Your body crumbles into a pile of gold.

.../. ...# ...# ..# ..#
#....#### #.# #.$....... #.#
#......... #@# #........# #k#
#........# #...# #K# #........#
#...# #K#####K.......# #...#
#KK..KK........# #...#
#.K.k.KK.......#
.####+#...######.#######......#
.#)..............# #......#
##...............# #kK......


You could see a wyvern, a kobold brigand and 4 kobolds.

Vanquished Creatures
  A two-headed ogre (D:8)
  Maggie (D:8)
  Sigmund (D:4)
  A wyvern (D:8)
  A steam dragon (D:8)
  An acid dragon (D:9)
  3 water moccasins
  2 ice beasts
  A black bear (D:7)
  2 sky beasts (D:7)
  A centaur (D:7)
  2 kobold brigands
  2 phantoms
  A bullfrog (D:7)
  4 scorpions
  A howler monkey (D:4)
  A bombardier beetle (D:5)
  3 jellies (D:6)
  7 crimson imps (D:8)
  A hound (D:5)
  3 orc priests
  A gnoll bouda (D:3)
  A sleepcap (D:5)
  Ijyb (D:3)
  6 iguanas
  10 orc wizards
  12 gnolls
  9 adders
  A shadow imp (D:7)
  5 white imps
  A ribbon worm (D:2)
  27 orcs
  2 bats (D:1)
  5 endoplasms
  3 giant cockroaches
  5 hobgoblins
  7 jackals
  9 kobolds
  A quokka (D:5)
  8 ball pythons
  4 frilled lizards
  6 goblins
  7 rats
171 creatures vanquished.

Vanquished Creatures (collateral kills)
  A hornet (D:8)
  An orc priest (D:6)
  A gnoll (D:4)
  A white imp (D:8)
4 creatures vanquished.

Vanquished Creatures (others)
  An orc priest (D:6)
  A gnoll (D:4)
  A quokka (D:5)
3 creatures vanquished.

Grand Total: 178 creatures vanquished

Notes
Turn   | Place    | Note
-------+----------+-------------------------------------------
     0 | D:1      | H0rd4k the Octopode Artificer began the quest for the Orb.
     0 | D:1      | Reached XP level 1. HP: 13/13 MP: 1/1
    46 | D:1      | Reached skill level 1 in Unarmed Combat
    51 | D:1      | Reached XP level 2. HP: 8/18 MP: 2/2
   354 | D:1      | Reached skill level 2 in Unarmed Combat
   478 | D:1      | You fall into a shaft and drop 1 floor!
   497 | D:2      | Reached XP level 3. HP: 17/23 MP: 3/3
  1108 | D:2      | Reached skill level 3 in Unarmed Combat
  1113 | D:2      | Reached XP level 4. HP: 4/28 MP: 4/4
  1542 | D:3      | Found a sparkling altar of Nemelex Xobeh.
  1544 | D:3      | Found a stormy altar of Qazlal.
  1544 | D:3      | Found a broken altar of Ashenzari.
  1545 | D:3      | Found a white marble altar of Elyvilon.
  1545 | D:3      | Found a radiant altar of Vehumet.
  1770 | D:3      | Reached skill level 4 in Unarmed Combat
  1770 | D:3      | Reached XP level 5. HP: 27/33 MP: 5/5
  1941 | D:3      | Reached skill level 5 in Unarmed Combat
  2084 | D:3      | Noticed Ijyb
  2373 | D:3      | Killed Ijyb
  2418 | D:3      | Reached XP level 6. HP: 37/39 MP: 6/6
  3083 | D:4      | Noticed Sigmund
  3089 | D:4      | Killed Sigmund
  3090 | D:4      | Reached skill level 6 in Unarmed Combat
  3090 | D:4      | Reached XP level 7. HP: 45/45 MP: 7/7
  3366 | D:4      | Found a staircase to the Ecumenical Temple.
  3409 | Temple   | Entered the Ecumenical Temple
  3445 | Temple   | Became a worshipper of Gozag Ym Sagoz the Greedy
  3710 | D:5      | Entered Level 5 of the Dungeon
  3864 | D:5      | Reached skill level 7 in Unarmed Combat
  4270 | D:5      | Found an ornate altar of the Wu Jian Council.
  4572 | D:5      | Reached skill level 8 in Unarmed Combat
  4835 | D:5      | Reached XP level 8. HP: 51/51 MP: 8/8
  5109 | D:5      | Found Uckisov's Distillery.
  5310 | D:6      | Reached skill level 9 in Unarmed Combat
  5464 | D:6      | Found a sacrificial altar of Ru.
  5990 | D:6      | Found a burning altar of Makhleb.
  6103 | D:6      | Reached skill level 10 in Unarmed Combat
  6135 | D:6      | Reached XP level 9. HP: 46/58 MP: 9/9
  6539 | D:7      | Reached skill level 11 in Unarmed Combat
  7130 | D:8      | Noticed Maggie
  7220 | D:8      | Killed Maggie
  7221 | D:8      | Reached skill level 12 in Unarmed Combat
  7338 | D:8      | Noticed a two-headed ogre
  7340 | D:8      | Noticed a hornet
  7343 | D:8      | Killed a hornet
  7378 | D:8      | Killed a two-headed ogre
  7379 | D:8      | Reached skill level 5 in Fighting
  7379 | D:8      | Reached skill level 13 in Unarmed Combat
  7379 | D:8      | Reached XP level 10. HP: 66/66 MP: 10/10
  7723 | D:8      | Found Oleag's Armour Emporium.
  7908 | D:9      | Got the Tractate on Trauma and Left-Handed Words
  7914 | D:9      | Found a staircase to the Orcish Mines.
  8034 | D:9      | Identified the +0 plate armour "Jorch" {+Inv rF+ Str-4
                  | Dex+5}
  8211 | D:9      | Slain by a wyvern

Illustrated notes

Levels and vault maps discovered:
D:1:      dpeg_arrival_simpleton_b, layout_loops_ring, chequers_mini_garden
D:2:      layout_basic, minmay_fractal_squares_5
D:3:      layout_loops_ring, grunt_temple_overflow_open, uniq_ijyb
D:4:      layout_gridville, minmay_temple_entry_slanted, uniq_sigmund
D:5:      layout_loops_corners, nzn_wu_jian_contemplation, serial_shops,
          nicolae_shop_back_alley_shop
D:6:      layout_rooms, lightli_temple_of_fire,
          nicolae_ru_great_annihilating_truth, reono_crystal_passage,
          grunt_ministairs_9
D:7:      layout_gridville, serial_bayou_pond_e
D:8:      layout_rooms, serial_shops, shop, serial_park_tiny_2,
          minmay_nine_imps, uniq_maggie
D:9:      layout_irregular_city, david_lair_shrubbed, orc_0_dummy
Temple:   compressed_dpeg_circular_temple

Skill      XL: |  1  2  3  4  5  6  7  8  9 |
---------------+----------------------------+-----
Unarmed Combat | 1 2 3 4 5 6 8 10 13 | 13.5
Fighting       | 2 3 5 |  5.4
Throwing       | |  0.3
Dodging        | |  2.3
Stealth        | |  1.3
Evocations     | |  3.2

Action                     |  1- 3 |  4- 6 |  7- 9 | 10-12 || total
---------------------------+-------+-------+-------+-------++-------
  Melee: Unarmed           |    73 |    74 |   204 |    51 ||   402
         Constrict         |    23 |    15 |    43 |     9 ||    90
         Tentacles         |    22 |    18 |    50 |    11 ||   101
         Punch             |     1 |     1 |    19 |     1 ||    22
  Throw: Dart              |       |       |       |     1 ||     1
  Evoke: Wand              |       |    11 |    38 |     6 ||    55
    Use: Scroll            |       |       |    13 |       ||    13
         Potion            |       |       |     4 |       ||     4
   Stab: Sleeping          |    13 |     4 |    13 |     1 ||    31
         Paralysed         |       |       |     1 |       ||     1
         Distracted        |       |       |     1 |     1 ||     2
 Armour: Skin              |    29 |    30 |   110 |    20 ||   189
  Dodge: Dodged            |    38 |    40 |   100 |    35 ||   213
